 Dungeon Crawl Stone Soup version 0.31-a0-1370-gf52a5a9ab3 (webtiles) character file.

Game seed: 14002051214764593464

134 BigPumpCobain the Ruffian (level 4, -4/35 HPs)
             Began as a Draconian Shapeshifter on Dec 23, 2023.
             Slain by an iguana (7 damage)
             ... on level 4 of the Dungeon.
             The game lasted 00:03:17 (2379 turns).

BigPumpCobain the Ruffian (Draconian Shapeshifter)  Turns: 2379, Time: 00:03:18

Health: -4/35      AC:  5    Str: 18    XL:     4   Next: 95%
Magic:  4/4        EV: 12    Int: 10    God:
Gold:   119        SH:  0    Dex: 11    Spells: 3/3 levels left

rFire   + .          .
                       - Unarmed
rCold   . . .        (no shield)
rNeg    . . .        (body armour unavailable)
rPois   .            (helmet currently unavailable)
rElec   .            (cloak currently unavailable)
rCorr   .            (gloves currently unavailable)
SInv    .            (boots currently unavailable)
Will    .....        (no amulet)
Stlth   +            n - ring of protection from fire
HPRegen 0.25/turn    (no ring)
MPRegen 0.09/turn

%: no passive effects
@: beast-form
A: beast (slay +2), AC +5, unfitting armour, cold-blooded
a: Begin Untransformation


You were on level 4 of the Dungeon.
You were a hulking beast.
You visited 1 branch of the dungeon, and saw 4 of its levels.

You collected 119 gold pieces.

Inventory:

Armour
 i - a +0 hat
Jewellery
 n - a ring of protection from fire (left hand)
Talismans
 b - a beast talisman
 c - a flux talisman
Scrolls
 d - 6 scrolls of teleportation
 f - a scroll of amnesia {unknown}
 h - 3 scrolls of fear {unknown}
 j - 2 scrolls of identify {unknown}
 k - 2 scrolls of fog {unknown}
 m - a scroll of brand weapon {unknown}
 o - a scroll of blinking {unknown}
 p - a scroll of torment {unknown}
Potions
 a - a potion of lignification
 e - a potion of curing {unknown}
 g - 4 potions of mutation {unknown}
 l - a potion of attraction {unknown}
 q - a potion of heal wounds {unknown}


   Skills:
 - Level 1.1 Fighting
 - Level 1.7 Dodging
 + Level 4.5 Unarmed Combat
 + Level 4.3 Shapeshifting


You had 3 spell levels left.
You didn't know any spells.
Your spell library contained the following spells:

 Spells                   Type           Power      Damage    Failure   Level
 Summon Small Mammal      Summ           0%         N/A       36%         1
 Sublimation of Blood     Necr           0%         N/A       50%         2
 Call Canine Familiar     Summ           0%         N/A       75%         3
 Summon Guardian Golem    Hex/Summ       0%         N/A       75%         3
 Petrify                  Alch/Erth      0%         N/A       98%         4
 Irradiate                Conj/Alch      0%         3d11      100%        5


Dungeon Overview and Level Annotations

Branches:
Dungeon (4/15)
 Temple: D:4-7

Altars:
Vehumet


Innate Abilities, Weirdness & Mutations

You are a hulking beast.
Your limbs bulge with bestial killing power. (Slay +2)
Your plain brown scales are hard. (AC +5)
You cannot fit into any form of body armour.
You are cold-blooded and may be slowed by cold attacks.


Message History

The iguana hisses angrily.
You hit the iguana.
The iguana is lightly wounded.
The iguana barely misses you.
You hit the iguana but do no damage.
The iguana is lightly wounded.
The iguana bites you.
You completely miss the iguana.
The iguana is lightly wounded.
The iguana bites you.
You hit the iguana.
The iguana is moderately wounded.
The iguana bites you but does no damage.
You closely miss the iguana.
The iguana is moderately wounded.
The iguana hisses menacingly.
The iguana bites you!
You punch the iguana!
You tail-slap the iguana, but do no damage.
The iguana is severely wounded.
The iguana bites you!
You are too injured to fight recklessly!
You are too injured to fight recklessly!
You are too injured to fight recklessly!
You are too injured to fight recklessly!
You are too injured to fight recklessly!
You are too injured to fight recklessly!
You are too injured to fight recklessly!
You are too injured to fight recklessly!
Unknown command.
You barely miss the iguana.
The iguana is severely wounded.
The iguana bites you!
* * * LOW HITPOINT WARNING * * *
You barely miss the iguana.
The iguana is severely wounded.
You barely miss the iguana.
The iguana is severely wounded.
The iguana bites you!
You die...

...# #.######## #
#.####.........
#.
#.....#.######.
#.###.#.#.##.#
#.....#...#.##
####.######.##
#.......# #.#
#.##.##.# #.#
#.##.##.# #h#
###.#..##.#..l..#
#.......#.#.....#
#.#.....#.#.....#
#.#..)....#.....#
#<##))..###.....#
#.##)##.# #######
#.......#
####.####


You could see an iguana.

Vanquished Creatures
  An orc priest (D:3)
  2 adders (D:3)
  A worm (D:2)
  2 dart slugs
  11 orcs
  3 endoplasms
  4 giant cockroaches
  2 goblins (D:2)
  4 hobgoblins
  6 jackals
  5 kobolds
  2 ball pythons
  9 bats
  7 frilled lizards
  10 rats
69 creatures vanquished.

Notes
Turn   | Place    | Note
-------+----------+-------------------------------------------
     0 | D:1      | BigPumpCobain the Draconian Shapeshifter began the quest
                  | for the Orb.
     0 | D:1      | Reached XP level 1. HP: 16/16 MP: 1/1
    98 | D:1      | Reached XP level 2. HP: 13/23 MP: 2/2
   856 | D:2      | Reached XP level 3. HP: 28/28 MP: 3/3
  1594 | D:3      | Reached XP level 4. HP: 31/35 MP: 4/4
  2060 | D:3      | Found a faded altar of an unknown god.
  2065 | D:3      | Found a radiant altar of Vehumet.
  2379 | D:4      | Slain by an iguana

Illustrated notes

Levels and vault maps discovered:
D:1:      dpeg_arrival_ratfight, layout_loops_ring, patterned_corridor
D:2:      layout_loops_cross
D:3:      layout_basic, nicolae_overflow_ecumenical_swirl
D:4:      layout_loops_cross, nicolae_dithmenos_the_darkroom,
          mainiacjoe_overflow_24_doors, uniq_duvessa

Skill      XL: |  1  2  3 |
---------------+----------+-----
Unarmed Combat | 4 |  4.5
Shapeshifting  | 4 |  4.3
Fighting       | |  1.1
Dodging        | |  1.7

Action                     |  1- 3 |  4- 6 || total
---------------------------+-------+-------++-------
  Melee: Unarmed           |   119 |    46 ||   165
         Tailslap          |     9 |     5 ||    14
         Punch             |     4 |       ||     4
    Use: Scroll            |     1 |       ||     1
   Stab: Sleeping          |     2 |       ||     2
 Armour: Skin              |    54 |    26 ||    80
  Dodge: Dodged            |    65 |    14 ||    79

Table legend: (Time is in decaauts)
 A = Elapsed time spent in this place.
 B = Non-inter-level travel time spent in this place.
 C = Inter-level travel time spent in this place.
 D = Time resting spent in this place.
 E = Time spent auto-exploring this place.
 F = Levels seen in this place.
 G = Mean time per level.
                   A        B        C        D        E       F      G
               +--------+--------+--------+--------+--------+-----+--------+
         Total |   2366 |   2303 |     63 |      2 |   1923 |   4 |  591.5 |
       Dungeon |   2366 |   2303 |     63 |      2 |   1923 |   4 |  591.5 |
               +--------+--------+--------+--------+--------+-----+--------+

Top non-repeatable levels by time:
     D:1: 821 daAuts
     D:3: 748 daAuts
     D:2: 728 daAuts
     D:4: 68 daAuts
